 Dungeon Crawl Stone Soup version 0.20-a0-1008-g0de3dc5 (console) character file.

49184 vuev the Devastator (level 14, -3/72 HPs)
             Began as a Deep Elf Conjurer on Apr 14, 2017.
             Was a High Priest of Vehumet.
             Slain by an unseen horror (8 damage)
             ... on level 11 of the Dungeon.
             The game lasted 00:59:05 (31638 turns).

vuev the Devastator (Deep Elf Conjurer)            Turns: 31638, Time: 00:59:06

Health: -3/72      AC:  9    Str:  6    XL:     14   Next: 15%
Magic:  23/46      EV: 15    Int: 31    God:    Vehumet [*****.]
Gold:   1355       SH:  3    Dex: 18    Spells: 26/47 levels left

rFire    + + .     SeeInvis .   t - staff of wizardry
rCold    + . .     Gourm    .   (no shield)
rNeg     . . .     Faith    .   Z - +1 robe of Paas Wiul {rF+ MR+ Dex+3}
rPois    +         Spirit   .   M - +2 hat {Int+3}
rElec    +         Reflect  +   m - +2 cloak
rCorr    +         Harm     .   (no gloves)
MR       ++...                  f - +0 pair of boots
Stlth    ++........             y - +3 amulet of reflection
Regen    0.3/turn               n - +3 ring of intelligence
MPRegen  0.3/turn               d - ring of magical power

@: resistant
A: no striking features
a: Renounce Religion


You were on level 11 of the Dungeon.
You worshipped Vehumet.
Vehumet was extremely pleased with you.
You were hungry.

You visited 4 branches of the dungeon, and saw 19 of its levels.
You also visited: Ice Cave.

You collected 1355 gold pieces.

Inventory:

Armour
 f - a +0 pair of boots (worn)
 m - a +2 cloak (worn)
 M - a +2 hat of intelligence (worn)
 Z - the +1 robe of Paas Wiul (worn) {rF+ MR+ Dex+3}
   (You found it on level 5 of the Lair of Beasts)

   It affects your dexterity (+3).
   It protects you from fire.
   It affects your resistance to hostile enchantments.
Magical Staves
 t - an uncursed staff of wizardry (weapon)
Jewellery
 d - a ring of magical power (right hand)
 n - a +3 ring of intelligence (left hand)
 p - a +3 ring of intelligence
 y - a +3 amulet of reflection (around neck)
 F - a +2 ring of strength
 H - an uncursed ring of protection from cold
 L - a +2 ring of protection
 Q - an uncursed ring of resist corrosion
 T - an uncursed ring of wizardry
Wands
 a - a wand of confusion (11/48)
 e - a wand of clouds (5/9)
 w - a wand of iceblast (4/15)
 x - a wand of acid (4/15)
 z - a wand of lightning (3/15)
 I - a wand of iceblast (5/15)
 S - a wand of confusion (21/48)
 U - a wand of iceblast (8/15)
 W - a wand of iceblast (10/15)
 X - a wand of confusion (29/48)
 Y - a wand of lightning (2/15)
Scrolls
 h - 3 scrolls of identify
 i - 3 scrolls of fear
 j - 3 scrolls of recharging
 q - 2 scrolls of enchant armour
 v - 13 scrolls of remove curse
 C - 5 scrolls of teleportation
 G - 5 scrolls of amnesia
 K - 3 scrolls of enchant weapon
Potions
 k - 2 potions of invisibility
 l - 5 potions of curing
 o - 2 potions of brilliance
 r - a potion of cancellation
 s - a potion of agility
 A - 2 potions of magic {unknown}
 D - a potion of berserk rage {unknown}
 E - 3 potions of mutation
 J - 4 potions of heal wounds {unknown}
 R - 4 potions of flight
Books
 b - a book of Battle

   Spells                             Type                      Level
   a - Infusion                       Charms                       1
   b - Shroud of Golubria             Charms/Translocation         2
   c - Song of Slaying                Charms                       2
   d - Spectral Weapon                Hexes/Charms                 3
   e - Regeneration                   Charms/Necromancy            3
 N - a book of Maledictions

   Spells                             Type                      Level
   a - Corona                         Hexes                        1
   b - Ensorcelled Hibernation        Hexes/Ice                    2
   c - Confuse                        Hexes                        3
   d - Tukima's Dance                 Hexes                        3
   e - Dazzling Spray                 Conjuration/Hexes            3
 O - a book of Debilitation

   Spells                             Type                      Level
   a - Corona                         Hexes                        1
   b - Slow                           Hexes                        2
   c - Inner Flame                    Hexes/Fire                   3
   d - Portal Projectile              Hexes/Translocation          3
   e - Cause Fear                     Hexes                        4
   f - Leda's Liquefaction            Hexes/Earth                  4
 P - a book of Necromancy

   Spells                             Type                      Level
   a - Pain                           Necromancy                   1
   b - Animate Skeleton               Necromancy                   1
   c - Vampiric Draining              Necromancy                   3
   d - Regeneration                   Charms/Necromancy            3
   e - Animate Dead                   Necromancy                   4
   f - Control Undead                 Necromancy                   4
Comestibles
 c - 15 bread rations
 u - 3 royal jellies
 B - 10 fruits
 V - 4 meat rations


   Skills:
 + Level 2.0 Fighting
 + Level 5.1 Dodging
 - Level 2.4 Stealth
 - Level 17.0 Spellcasting
 + Level 18.7 Conjurations
 * Level 10.3 Fire Magic


You had 26 spell levels left.
You knew the following spells:

 Your Spells              Type           Power        Failure   Level  Hunger
a - Magic Dart            Conj           ####         0%          1    None
b - Inner Flame           Hex/Fire       ######..     1%          3    None
e - Iskenderun's Mystic   Conj           #######.     0%          4    None
f - Force Lance           Conj/Tloc      ######..     1%          4    None
h - Regeneration          Chrm/Necr      ####......   2%          3    None
p - Fulminant Prism       Conj/Hex       ######....   1%          4    None
r - Searing Ray           Conj           ######       0%          2    None


Dungeon Overview and Level Annotations

Branches:
Dungeon (11/15)            Temple (1/1) D:6            Lair (6/6) D:8
 Shoals (0/4) Lair:4        Snake (0/4) Lair:3        Slime (0/5) Lair:5
    Orc (1/2) D:10

Altars:
Ashenzari
Cheibriados
Dithmenos
Elyvilon
Fedhas
Gozag
Hepliaklqana
Kikubaaqudgha
Makhleb
Nemelex Xobeh
Okawaru
Qazlal
Ru
Sif Muna
Trog
Uskayaw
Vehumet
Wu Jian
Xom
Yredelemnul
Zin
The Shining One
Jiyva

Shops:
D:8 =


Message History

(Press . to maintain the ray.)
Something hits you!
* * * LOW HITPOINT WARNING * * *
You block something's attack.
Casting: Searing Ray
Confirm with . or Enter, or press ? or * to list all spells.
Aiming: Searing Ray
Press: ? - help, Shift-Dir - straight line (Press . to maintain the ray.)
Something hits you but does no damage. Something hits you.
* * * LOW HITPOINT WARNING * * *
Casting: Searing Ray
Confirm with . or Enter, or press ? or * to list all spells.
Aiming: Searing Ray
Press: ? - help, Shift-Dir - straight line
Okay, then.
Unknown command.
You feel protected. Something hits you!
You die...

######.#
#..........#...........
.......#
#..........+...........
########
#..........##..........
##.#'#'#...############
############.#.#.#..[#
.............#.#.#####
##############.#.#
#...........#.#
#.###########@#
#.#.........#.#
#.#...........#
#.#########.###
#.#...<####.#
#.#.........#
####.########### .....#
######


There were no monsters in sight!

Vanquished Creatures
  Gastronok (Lair:2)
  Josephine (Lair:6)
  An ogre mage (Orc:1)
  3 hydras
  2 death yaks (Lair:6)
  2 two-headed ogres (D:10)
  Nergalle (D:11)
  The ghost of Monsterracer the Zephyrmancer, a novice TeAE of Vehumet (D:9)
  Sonja (Lair:2)
  An unseen horror (D:10)
  Pikel (D:8)
  An orc knight (Orc:1)
  A necromancer (IceCv)
  An ugly thing (D:11)
  A cyclops (D:11)
  Maurice (D:10)
  5 elephants (Lair:6)
  The ghost of anet the Magician, a novice DEWz of Ashenzari (D:7)
  An ice statue (IceCv)
  Joseph (D:8)
  4 black mambas
  9 spiny frogs
  A torpor snail (Lair:6)
  2 rime drakes
  10 freezing wraiths (IceCv)
  10 komodo dragons
  A troll (Orc:1)
  A polar bear (Lair:6)
  10 blink frogs
  A snapping turtle (Lair:4)
  15 hippogriffs
  Sigmund (D:3)
  18 yaks
  A spriggan (D:7)
  3 wraiths (Lair:6)
  4 wyverns
  4 basilisks
  A death yak simulacrum (IceCv)
  Menkaure (D:7)
  13 water moccasins
  2 nagas (Lair:3)
  5 porcupines
  Duvessa (D:7)
  11 ice beasts
  6 orc warriors
  An eye of draining (D:11)
  9 ogres
  2 phantoms
  A black bear (D:8)
  4 sky beasts
  An alligator simulacrum (IceCv)
  3 centaurs
  18 wolves
  10 crocodiles
  3 big kobolds
  18 bullfrogs
  2 gnoll sergeants
  Dowan (D:7)
  A jelly (D:7)
  4 scorpions
  An elephant simulacrum (IceCv)
  16 wights
  10 killer bees
  6 electric eels
  11 howler monkeys
  A centaur zombie (D:7)
  6 crimson imps
  8 draconian simulacra (IceCv)
  A quasit (D:11)
  2 bullfrog zombies
  14 orc priests
  A gnoll shaman (D:7)
  4 centaur skeletons
  8 hounds
  14 orc wizards
  Jessica (D:3)
  13 worker ants
  Natasha (thrice) (D:3)
  An iguana (D:11)
  3 hell rats (Lair:6)
  5 troll simulacra (IceCv)
  A polar bear simulacrum (IceCv)
  A killer bee zombie (D:8)
  3 centaur simulacra (IceCv)
  A hound zombie (D:6)
  A mummy (D:8)
  A howler monkey zombie (D:8)
  2 worker ant zombies
  16 gnolls
  12 adders
  2 ogre simulacra (IceCv)
  A naga simulacrum (IceCv)
  2 river rats (Lair:6)
  3 shadow imps
  12 white imps (IceCv)
  An ooze (D:3)
  9 worms
  3 dart slugs
  8 leopard geckos
  64 orcs
  9 bats
  2 giant cockroaches
  10 goblins
  8 hobgoblins
  11 jackals
  16 kobolds
  7 quokkas
  A ball python (D:5)
  9 frilled lizards
  A jackal zombie (D:7)
  2 orc zombies (D:8)
  17 rats
  2 fungi
  A plant (Lair:6)
609 creatures vanquished.

Vanquished Creatures (others)
  2 slaves (D:8)
  A worker ant (D:8)
  A bush (Lair:6)
  105 fulminant prisms
  20 fungi
  14 plants
143 creatures vanquished.

Grand Total: 752 creatures vanquished

Notes
Turn   | Place    | Note
-------+----------+-------------------------------------------
     0 | D:1      | vuev the Deep Elf Conjurer began the quest for the Orb.
     0 | D:1      | Reached XP level 1. HP: 10/10 MP: 6/6
   151 | D:1      | Reached skill level 5 in Conjurations
   151 | D:1      | Reached XP level 2. HP: 15/15 MP: 2/8
   206 | D:1      | Learned a level 2 spell: Searing Ray
   453 | D:1      | You fall through a shaft!
   453 | D:2      | Found a glowing silver altar of Zin.
   453 | D:2      | Found a shimmering altar of Xom.
   453 | D:2      | Noticed an angel
   588 | D:1      | Reached XP level 3. HP: 10/19 MP: 5/9
  1855 | D:2      | Reached XP level 4. HP: 24/24 MP: 2/11
  2025 | D:2      | Learned a level 4 spell: Iskenderun's Mystic Blast
  2225 | D:2      | Reached skill level 6 in Conjurations
  3274 | D:3      | Noticed Sigmund
  3304 | D:2      | Reached XP level 5. HP: 13/28 MP: 10/13
  3836 | D:3      | Killed Sigmund
  3836 | D:3      | Reached skill level 5 in Spellcasting
  3836 | D:3      | Reached skill level 7 in Conjurations
  3836 | D:3      | Reached XP level 6. HP: 33/33 MP: 2/16
  4148 | D:3      | Noticed Jessica
  4148 | D:3      | Noticed Natasha
  4192 | D:3      | Killed Natasha
  4238 | D:3      | Killed Jessica
  4477 | D:3      | Noticed Natasha
  4485 | D:3      | Killed Natasha
  4618 | D:3      | Reached skill level 8 in Conjurations
  4618 | D:3      | Reached XP level 7. HP: 9/37 MP: 9/18
  4993 | D:3      | Noticed Natasha
  4995 | D:3      | Killed Natasha
  5259 | D:4      | Learned a level 4 spell: Force Lance
  6736 | D:5      | Entered Level 5 of the Dungeon
  7302 | D:5      | Reached skill level 9 in Conjurations
  7350 | D:5      | Reached XP level 8. HP: 36/42 MP: 9/22
  7623 | D:5      | Found a hide-covered altar of Uskayaw.
  7642 | D:5      | Found a glowing golden altar of the Shining One.
  7694 | D:5      | Noticed an angel
  7711 | D:5      | Found a basalt altar of Yredelemnul.
  8152 | D:5      | Found an ornate altar of the Wu Jian Council.
  8502 | D:6      | Found an ancient bone altar of Kikubaaqudgha.
  8529 | D:6      | Reached skill level 10 in Conjurations
  8575 | D:6      | Found a shimmering altar of Xom.
  8823 | D:6      | Found a staircase to the Ecumenical Temple.
  8833 | Temple   | Entered the Ecumenical Temple
  9068 | Temple   | Became a worshipper of Vehumet
  9105 | D:6      | Learned a level 4 spell: Fulminant Prism
  9371 | D:6      | Reached skill level 10 in Spellcasting
  9387 | D:6      | Reached XP level 9. HP: 46/46 MP: 4/25
 10491 | D:7      | Reached skill level 11 in Conjurations
 10758 | D:7      | Noticed Duvessa
 10760 | D:7      | Noticed Dowan
 10761 | D:7      | Killed Duvessa
 10762 | D:7      | Killed Dowan
 11002 | D:7      | Reached * piety under Vehumet
 11002 | D:7      | Offered knowledge of Freeze by Vehumet.
 11361 | D:7      | Noticed Menkaure
 11364 | D:7      | Killed Menkaure
 11748 | D:7      | Learned a level 3 spell: Inner Flame
 11834 | D:7      | Reached skill level 12 in Conjurations
 11898 | D:7      | Reached XP level 10. HP: 51/51 MP: 19/28
 12213 | D:7      | Noticed anet's ghost (novice DEWz)
 12220 | D:7      | Killed anet's ghost
 12220 | D:7      | Reached skill level 1 in Fire Magic
 12627 | D:7      | Identified a scroll of acquirement
 12718 | D:7      | Reached skill level 1 in Fighting
 13056 | D:8      | Found a staircase to the Lair.
 13156 | D:8      | Offered knowledge of Throw Flame by Vehumet.
 13180 | D:8      | Reached ** piety under Vehumet
 13299 | D:8      | Found a shadowy altar of Dithmenos.
 13813 | D:8      | Noticed Joseph
 13830 | D:8      | Killed Joseph
 14585 | D:8      | Found Qofuub's Jewellery Emporium.
 14671 | D:8      | Noticed Pikel
 14672 | D:8      | Killed Pikel
 15169 | D:8      | Found a deep blue altar of Sif Muna.
 15184 | D:8      | Found a sparkling altar of Nemelex Xobeh.
 15206 | D:8      | Found a sacrificial altar of Ru.
 15227 | D:8      | Found a bloodstained altar of Trog.
 15480 | Lair:1   | Entered Level 1 of the Lair of Beasts
 15497 | Lair:1   | Noticed a spiny frog
 15749 | Lair:1   | Reached skill level 13 in Conjurations
 15749 | Lair:1   | Reached XP level 11. HP: 56/56 MP: 31/31
 15845 | Lair:1   | Offered knowledge of Stone Arrow by Vehumet.
 16048 | Lair:1   | Got a shimmering long sword
 16049 | Lair:1   | Identified the +12 long sword of Heenwai {slice, *Drain rPois Int+5} (You found it on level 1 of the Lair of Beasts)
 16435 | Lair:2   | Noticed Sonja
 16463 | Lair:2   | Killed Sonja
 16463 | Lair:2   | Reached skill level 5 in Fire Magic
 16467 | Lair:2   | Noticed Gastronok
 16941 | Lair:2   | Found a frozen archway.
 16946 | IceCv    | Entered an ice cave
 16956 | IceCv    | Reached *** piety under Vehumet
 17394 | IceCv    | Reached skill level 15 in Spellcasting
 17744 | IceCv    | Offered knowledge of Ignite Poison by Vehumet.
 18105 | IceCv    | Reached skill level 14 in Conjurations
 18309 | IceCv    | Reached **** piety under Vehumet
 18374 | IceCv    | Noticed a necromancer
 18411 | IceCv    | Killed a necromancer
 18414 | IceCv    | Offered knowledge of Venom Bolt by Vehumet.
 18845 | IceCv    | Found an ancient bone altar of Kikubaaqudgha.
 19320 | Lair:2   | Reached XP level 12. HP: 62/62 MP: 29/33
 19873 | Lair:2   | Killed Gastronok
 20729 | Lair:3   | Found a staircase to the Snake Pit.
 21408 | Lair:4   | Reached skill level 15 in Conjurations
 21639 | Lair:4   | Noticed a six-headed hydra
 21647 | Lair:4   | Killed a six-headed hydra
 22434 | Lair:4   | Found a staircase to the Shoals.
 22827 | Lair:5   | Reached ***** piety under Vehumet
 23224 | Lair:5   | Offered knowledge of Conjure Ball Lightning by Vehumet.
 23469 | Lair:5   | Got a transparent robe
 23470 | Lair:5   | Identified the +1 robe of Paas Wiul {rF+ MR+ Dex+3} (You found it on level 5 of the Lair of Beasts)
 23560 | Lair:5   | Reached skill level 16 in Conjurations
 23564 | Lair:5   | Reached XP level 13. HP: 66/66 MP: 14/36
 23819 | Lair:5   | Found a viscous altar of Jiyva.
 23819 | Lair:5   | Found a staircase to the Slime Pits.
 24032 | Lair:6   | Entered Level 6 of the Lair of Beasts
 25437 | Lair:6   | Noticed Josephine
 25446 | Lair:6   | Killed Josephine
 25446 | Lair:6   | Reached skill level 17 in Conjurations
 26949 | Lair:6   | Learned a level 3 spell: Regeneration
 27178 | D:9      | Noticed Monsterracer's ghost (novice TeAE)
 27187 | D:9      | Killed Monsterracer's ghost
 27393 | D:9      | Found a blossoming altar of Fedhas.
 27612 | D:9      | Reached skill level 18 in Conjurations
 27786 | D:9      | Found a stormy altar of Qazlal.
 28183 | D:10     | Entered Level 10 of the Dungeon
 28192 | D:10     | Noticed Maurice
 28201 | D:10     | Killed Maurice
 28647 | D:10     | Found a staircase to the Orcish Mines.
 29881 | Orc:1    | Entered Level 1 of the Orcish Mines
 29962 | Orc:1    | Reached skill level 5 in Dodging
 29962 | Orc:1    | Reached skill level 10 in Fire Magic
 29962 | Orc:1    | Reached XP level 14. HP: 23/72 MP: 14/37
 30276 | D:11     | Offered knowledge of Lee's Rapid Deconstruction by Vehumet.
 30887 | D:11     | Noticed Nergalle
 30889 | D:11     | Killed Nergalle
 31638 | D:11     | Slain by an unseen horror

Vault maps used:
D:1:      dpeg_arrival_round_b
D:2:      grunt_temple_overflow_order_and_chaos_1, first_bread
D:3:      uniq_jessica, uniq_sigmund, uniq_natasha
D:5:      grunt_temple_overflow_holy_war, marbit_many_paths, basic_altar,
          kennysheep_small_square
D:6:      kiku_gazebo_pond_becter, minmay_temple_entry_statues_pillars,
          minmay_misc_feat_roman, xom_teletrap_fun
D:7:      the_bakery, minivault_5, kennysheep_generic_room_9, uniq_duvessa,
          uniq_menkaure
D:8:      grunt_dithmenos_smoke, nicolae_overflow_quartered_altars,
          dpeg_oklobed_lair, serial_shops, nicolae_shop_statue_plus,
          nicolae_ossuary_entry_giza, uniq_joseph, uniq_pikel
D:9:      nicolae_qazlal_style_of_elements, fedhas_altar_4
D:10:     hiddenorc1_lemuel, statue_in_the_mist_lemuel, uniq_maurice
D:11:     uniq_nergalle
Temple:   jpeg_temple_island
Lair:1:   minmay_lair_oklob_tunnel
Lair:2:   portal_ice_cave_entry_pillars_2, uniq_sonja, uniq_gastronok
Lair:3:   guppyfry_snake_entry_island
Lair:4:   minmay_shoals_entry_hut, lemuel_fruit_tree
Lair:5:   slime_altar_1, beast_lair_carwin_9
Lair:6:   due_jungle_book, kennysheep_abandoned_house, grunt_megastairs_2,
          uniq_josephine
Orc:1:    guppyfry_orc_lava_fort
IceCv:    ice_cave_small_necro

Skill      XL: |  1  2  3  4  5  6  7  8  9 10 11 12 13 |
---------------+----------------------------------------+-----
Conjurations   | 5 6 7 8 9 10 12 13 14 16 18 | 18.7
Spellcasting   | 4 5 6 8 10 12 14 15 17 | 17.0
Dodging        | 3 4 5 |  5.1
Fire Magic     | 4 6 8 10 | 10.3
Fighting       | 1 2 |  2.0
Stealth        | |  2.4

Action                   |  1- 3 |  4- 6 |  7- 9 | 10-12 | 13-15 || total
-------------------------+-------+-------+-------+-------+-------++-------
Melee: Unarmed           |     1 |       |       |       |       ||     1
       Dagger            |       |       |     1 |       |       ||     1
       Staff             |       |       |       |     1 |     4 ||     5
 Cast: Magic Dart        |    55 |    31 |    37 |    60 |    11 ||   194
       Searing Ray       |     5 |    36 |    66 |    53 |    37 ||   197
       Iskenderun's Myst |       |     9 |    58 |   229 |   247 ||   543
       Force Lance       |       |       |     8 |    43 |    40 ||    91
       Fulminant Prism   |       |       |       |    71 |    35 ||   106
  Use: Scroll            |       |     6 |     1 |    20 |     5 ||    32
       Potion            |       |       |       |       |     5 ||     5
  Eat: Chunk             |     3 |     8 |    17 |    10 |    17 ||    55
       Fruit             |       |     2 |     2 |       |     9 ||    13
       Meat ration       |       |       |     1 |     1 |       ||     2
       Bread ration      |       |       |       |     4 |       ||     4
Armor: Robe              |     1 |     3 |     4 |     7 |    16 ||    31
Dodge: Dodged            |     3 |    23 |    32 |    51 |    31 ||   140
Block: Other             |       |       |       |     5 |     9 ||    14
       Reflection        |       |       |       |       |     1 ||     1
